 Dungeon Crawl Stone Soup version 0.31-a0-986-g5e6e4ef867 (webtiles) character file.

Game seed: 11319552182206791572

256 damiac the Ruffian (level 5, -6/50 HPs)
             Began as a Troll Fighter on Nov 12, 2023.
             Mangled by Duvessa
             ... wielding a +5 short sword of flaming
              (10 damage)
             ... on level 4 of the Dungeon.
             The game lasted 00:09:02 (2398 turns).

damiac the Ruffian (Troll Fighter)                  Turns: 2398, Time: 00:09:03

Health: -6/50      AC:  4    Str: 24    XL:     5   Next: 92%
Magic:  4/4        EV:  8    Int:  6    God:
Gold:   1451       SH:  7    Dex:  9    Spells: 2/4 levels left

rFire   . .          .
                       - Unarmed
rCold   . . .        b - +0 kite shield
rNeg    . . .        a - +0 robe
rPois   .            (helmet restricted)
rElec   .            (no cloak)
rCorr   +            (gloves unavailable)
SInv    .            (boots unavailable)
Will    +....        (no amulet)
Stlth   +            m - ring of willpower
HPRegen 1.08/turn    f - ring of resist corrosion
MPRegen 0.09/turn

%: no passive effects
@: no status effects
A: large, unfitting armour, claws 3, regeneration 1, shaggy fur 1, tough skin 1
a: no special abilities


You were on level 4 of the Dungeon.
You visited 1 branch of the dungeon, and saw 4 of its levels.

You collected 1451 gold pieces.

Inventory:

Missiles
 d - 10 poisoned darts
 i - 2 atropa-tipped darts (quivered)
 q - 12 javelins
 r - 28 stones
Armour
 a - a +0 robe (worn)
 b - a +0 kite shield (worn)
Jewellery
 f - a ring of resist corrosion (right claw)
 m - a ring of willpower (left claw)
Scrolls
 n - 3 scrolls of poison
 p - a scroll of torment
Potions
 c - a potion of might
 e - 2 potions of enlightenment {unknown}
 g - 2 potions of magic
 h - a potion of resistance {unknown}
 k - a potion of haste {unknown}
 o - a potion of heal wounds {unknown}
 s - 2 potions of degeneration {unknown}


   Skills:
 - Level 2.6 Fighting
 - Level 0.8 Throwing
 - Level 2.6 Dodging
 - Level 3.0 Shields
 + Level 5.6 Unarmed Combat


You had 2 spell levels left.
You knew the following spells:

 Your Spells              Type           Power      Damage    Failure   Level
a - Wereblood             Tmut           0%         N/A       86%         2

Your spell library contained the following spells:

 Spells                   Type           Power      Damage    Failure   Level
 Hailstorm                Conj/Ice       0%         3d3       97%         3
 Summon Ice Beast         Ice/Summ       0%         N/A       100%        4
 Irradiate                Conj/Tmut      0%         3d11      100%        5
 Simulacrum               Ice/Necr       0%         N/A       100%        6


Dungeon Overview and Level Annotations

Branches:
Dungeon (4/15)
 Temple: D:4-7

Altars:

Shops:
D:1 (

Annotations:
D:4 3 runed translucent doors, Dowan; Duvessa; Fodor's ghost, amateur MiFi


Innate Abilities, Weirdness & Mutations

You are too large for most types of armour.
You have claws for hands.
Your natural rate of healing is unusually fast.
You are covered in fur. (AC +1)
You have tough skin. (AC +1)


Message History

Duvessa hits you with a +5 short sword of flaming.
Duvessa burns you.
You completely miss Duvessa. Duvessa closely misses you.
You barely miss Duvessa. You block Duvessa's attack. You block Dowan's attack.
You scratch Duvessa but do no damage. You block Duvessa's attack.
Dowan hits you with a +0 dagger.
You closely miss Duvessa.
Duvessa is no longer blind.
Duvessa barely misses you. You block Dowan's attack.
You completely miss Duvessa.
Duvessa hits you with a +5 short sword of flaming!
Duvessa burns you. Dowan completely misses you.
You scratch Duvessa but do no damage. You block Duvessa's attack.
Dowan gestures at you while chanting. The puff of frost hits you.
You closely miss Duvessa.
Duvessa says, "Where magic fails, the sword succeeds!"
You block Duvessa's attack. Dowan hits you with a +0 dagger.
You barely miss Duvessa.
Duvessa hits you with a +5 short sword of flaming!
* * * LOW HITPOINT WARNING * * *
Duvessa burns you.
* * * LOW HITPOINT WARNING * * *
Dowan hits you with a +0 dagger.
* * * LOW HITPOINT WARNING * * *
You claw Duvessa!
Duvessa is lightly wounded.
Duvessa closely misses you. You block Dowan's attack.
Dowan attacks as he pursues you! Dowan hits you with a +0 dagger.
* * * LOW HITPOINT WARNING * * *
Okay, then.
You feel better. You block Duvessa's attack. Dowan hits you but does no damage.
Duvessa hits you with a +5 short sword of flaming.
* * * LOW HITPOINT WARNING * * *
Duvessa burns you.
* * * LOW HITPOINT WARNING * * *
Dowan attacks as he pursues you! Dowan hits you with a +0 dagger.
* * * LOW HITPOINT WARNING * * *
Duvessa attacks as she pursues you!
Duvessa hits you with a +5 short sword of flaming!
You die...

...............'...>#
...............####.#
.....#######.#.# #.#
.....#....<#.#.# #.#
.....#.###.#.#.# #.#
##.#.#.....#.#.# #.#
##.#.#####.#.#.####.#
#.#.).....#.#.#....#
#.#.####..# #.#@##.#
....## #### #.#e##.#
.... .....#..e##.#
.... #......)###.#
.#.. #.#####(# #.#
.+.. (.# #.# #.. ...#
#.# ... ....# .....+


You could see Duvessa and Dowan.

Vanquished Creatures
  An ogre (D:4)
  A hound (D:4)
  An iguana (D:3)
  3 adders
  A worm (D:2)
  2 dart slugs
  6 orcs
  9 bats
  7 endoplasms
  5 giant cockroaches
  5 goblins
  2 hobgoblins
  3 jackals (D:2)
  3 quokkas
  12 ball pythons
  A frilled lizard (D:1)
  5 kobolds
  2 rats
69 creatures vanquished.

Notes
Turn   | Place    | Note
-------+----------+-------------------------------------------
     0 | D:1      | damiac the Troll Fighter began the quest for the Orb.
     0 | D:1      | Reached XP level 1. HP: 22/22 MP: 0/0
   263 | D:1      | Found a faded altar of an unknown god.
   397 | D:1      | Reached XP level 2. HP: 29/29 MP: 1/1
   659 | D:1      | Found Qiguhud's Antique Weapon Boutique.
   946 | D:2      | Reached XP level 3. HP: 36/36 MP: 2/2
  1476 | D:2      | Learned a level 2 spell: Wereblood
  1504 | D:3      | Reached skill level 3 in Unarmed Combat
  1654 | D:3      | Reached XP level 4. HP: 44/44 MP: 3/3
  1894 | D:3      | Reached skill level 4 in Unarmed Combat
  2186 | D:3      | Identified a scroll of acquirement
  2186 | D:3      | Acquired 1295 gold pieces
  2273 | D:4      | Noticed Fodor's ghost (amateur MiFi)
  2301 | D:4      | Found a runed translucent gate.
  2301 | D:4      | Found a runed translucent gate.
  2301 | D:4      | Found a runed translucent gate.
  2321 | D:4      | Reached XP level 5. HP: 49/50 MP: 4/4
  2370 | D:4      | Noticed an ogre
  2373 | D:4      | Noticed Dowan
  2375 | D:4      | Noticed Duvessa
  2377 | D:4      | Killed an ogre
  2378 | D:4      | Reached skill level 5 in Unarmed Combat
  2398 | D:4      | Mangled by Duvessa

Illustrated notes

Levels and vault maps discovered:
D:1:      dpeg_arrival_oval, layout_basic, serial_shops, shop,
          basic_ecumenical_altar, grunt_decor_mini_mirrors, minivault_14
D:2:      minmay_general_purpose_star, layout_rooms
D:3:      layout_loops_ring, minmay_shallow_snake_nest
D:4:      layout_basic, gammafunk_ghost_icy, uniq_duvessa,
          uniq_crazy_yiuf_cottage, uniq_ijyb

Skill      XL: |  1  2  3  4  5 |
---------------+----------------+-----
Shields        | 3 |  3.0
Unarmed Combat | 3 4 5 |  5.6
Fighting       | |  2.6
Throwing       | |  0.8
Dodging        | |  2.6

Action                     |  1- 3 |  4- 6 || total
---------------------------+-------+-------++-------
  Melee: Unarmed           |   114 |    68 ||   182
  Throw: Stone             |     1 |       ||     1
         Dart              |       |     4 ||     4
    Use: Scroll            |     2 |     3 ||     5
         Potion            |       |     1 ||     1
 Armour: Robe              |    58 |    34 ||    92
  Dodge: Dodged            |    31 |    19 ||    50
  Block: Kite shield       |    44 |    30 ||    74

Table legend: (Time is in decaauts)
 A = Elapsed time spent in this place.
 B = Non-inter-level travel time spent in this place.
 C = Inter-level travel time spent in this place.
 D = Time resting spent in this place.
 E = Time spent auto-exploring this place.
 F = Levels seen in this place.
 G = Mean time per level.
                   A        B        C        D        E       F      G
               +--------+--------+--------+--------+--------+-----+--------+
         Total |   2408 |   2179 |    229 |      0 |   1685 |   4 |  602.0 |
       Dungeon |   2408 |   2179 |    229 |      0 |   1685 |   4 |  602.0 |
               +--------+--------+--------+--------+--------+-----+--------+

Top non-repeatable levels by time:
     D:1: 907 daAuts
     D:3: 721 daAuts
     D:2: 588 daAuts
     D:4: 191 daAuts
